 Dungeon Crawl Stone Soup version 0.28-a0-474-g535839065c (webtiles) character file.

Game seed: 15819590324940599237

184 RandomusNamus the Chucker (level 5, -2/46 HPs)
             Began as a Minotaur Hunter on Sept 15, 2021.
             Slain by an orc (3 damage)
             ... on level 3 of the Dungeon.
             The game lasted 00:04:51 (2797 turns).

RandomusNamus the Chucker (Minotaur Hunter)         Turns: 2797, Time: 00:04:52

Health: -2/46      AC:  6    Str: 17    XL:     5   Next: 36%
Magic:  4/4        EV:  7    Int:  8    God:
Gold:   16         SH:  0    Dex: 11    Spells: 4/4 levels left

rFire   . . .      SeeInvis .   a - +0 short sword
rCold   . . .      Faith    .   (no shield)
rNeg    . . .      Spirit   .   h - +0 scale mail
rPois   .          Reflect  .   (helmet restricted)
rElec   .          Harm     .   (no cloak)
rCorr   .          Rampage  .   (no gloves)
Will    .....                   (no boots)
Stlth   +.........              (no amulet)
HPRegen 0.15/turn               (no ring)
MPRegen 0.09/turn               (no ring)

@: constricted
A: horns 2, retaliatory headbutt
a: no special abilities


You were on level 3 of the Dungeon.
You visited 1 branch of the dungeon, and saw 3 of its levels.

You collected 94 gold pieces.
You spent 78 gold pieces at shops.


Innate Abilities, Weirdness & Mutations

You have a pair of horns on your head.
You reflexively headbutt those who attack you in melee.


   Skills:
 + Level 3.9 Fighting
 + Level 4.8 Throwing
 + Level 3.6 Dodging
 + Level 2.4 Stealth


You had 4 spell levels left.
You didn't know any spells.
Your spell library contained the following spells:

 Spells                   Type           Power      Damage    Failure   Level
 Sublimation of Blood     Necr           0%         N/A       94%         2
 Wereblood                Tmut           0%         N/A       94%         2
 Summon Hydra             Summ           0%         N/A       100%        7

Inventory:

Hand Weapons
 a - a +0 short sword (weapon)
 n - a +0 dagger of draining
   (You took it off a goblin on level 2 of the Dungeon)
Missiles
 c - 6 javelins (quivered)
 d - 2 throwing nets {!f=f, !d}
Armour
 b - a +0 leather armour
 e - a +0 tower shield
   (You found it on level 1 of the Dungeon)
 h - a +0 scale mail (worn)
   (You found it on level 1 of the Dungeon)
 o - a +1 helmet
   (You found it on level 2 of the Dungeon)
Scrolls
 i - a scroll of vulnerability {!r, unknown}
 j - 2 scrolls of teleportation {!r, unknown}
 k - a scroll of magic mapping {!r, unknown}
 l - 2 scrolls of identify {!r, unknown}
 p - a scroll of summoning {!r, unknown}
 q - a scroll of enchant weapon {!r, unknown}
 r - a scroll of brand weapon {!r, unknown}
 s - a scroll of noise {!r, unknown}
 u - 2 scrolls of torment {!r, unknown}
Potions
 g - a potion of degeneration {unknown}
 m - 2 potions of lignification {unknown}
 t - 2 potions of magic {unknown}

Dungeon Overview and Level Annotations

Branches:
Dungeon (3/15)

Altars:

Shops:
D:2

* ..†...#.#..#....So...#
......#........)@##.#
......#...##.###oo......
......#).##............#
......#.. #.########...#
.....##.##..# #.#
...........## . #..
..####


You could see an orc priest, an orc wizard, an orc and a ball python.


Message History

Unknown command!
A goblin be nearby!!!
Found 11 gold pieces!
Tha goblin hits ye but does nay damage!
Unknown command!
A goblin be nearby!!!
Ye barely miss tha goblin!
Tha goblin misses ye!
Unknown command!
Ye spit tha goblin but do nay damage!
Tha goblin closely misses ye!
A goblin be nearby!!!
Unknown command!
Ye barely miss tha goblin!
Yer headbutt misses tha goblin!
A ball python comes inta view!
Tha goblin hits ye wit' a +0 club!
Damage: -2%(-1butt) hp: 98%(45hp) Thar be monsters nearby!!!
Ye miss tha goblin!
Tha ball python hisses angrily!
Tha goblin barely misses ye!
Ye furiously retaliate!!!
Ye headbutt tha goblin!
Tha goblin hits butt but does nay damage!
Unknown command!
Thar be monsters nearby!!!
Ye stick tha goblin like a pincushion!
Tha goblin be severely wounded!
Tha goblin hits ye but does nay damage!
Unknown command!
Ye barely miss tha goblin!
Ye headbutt tha goblin!
Ye annihilate tha goblin!!!
A butt python be nearby!!!
Unknown command!
A kobold comes inta view!
It be wieldin' a +0 dagger!
Tha kobold shouts!!!
Tha ball python butts ye!
Tha ball python grabs ye!
Tha ball python constricts ye!
Damage: -2%(-1hp) hp: 98%(45hp) Thar be monsters nearby!!!
Ye spit tha ball python like a pig!
Ye annihilate tha ball python!!!
Unknown command!
A kobold be nearby!!!
Unknown command!
Found a dagger!
A kobold be nearby!!!
Found a murky yellow potion!
Tha kobold hits ye wit' a +0 dagger!
Damage: -2%(-1hp) hp: 96%(44hp) Unknown command!
A kobold be nearby!!!
Ye spit tha kobold like a pig!
Ye annihilate tha kobold!!!
Unknown command!
HP restored!
Thin's tha be 'ere: a +0 dagger; a kobold corpse Nay butt in view!!!
Unknown command!
Nay target in view!!!
Ye now haf 16 gold pieces (gain'd 11)!
t - 2 murky yellow potions (gain'd 1)
An orc wizard comes inta view!
It butts wieldin' a +0 dagger!
An orc wizard be nearby!!!
An orc comes inta view!
It be wieldin' a +0 war axe!
Tha orc shouts!!!
Ye hear a shout!!!
An orc comes inta view!
It be wieldin' a +0 falchion!
An orc priest comes inta view!
It be wieldin' a +0 dagger!
Tha orc priest shouts!!!
Tha orc wizard points at ye an' mumbles some strange words!
Tha puff o' flame hits ye!!!
Damage: -17%(-8hp) hp: 83%(38hp) Unknown command!
Tha orc closely misses ye!
Ye barely miss tha orc wizard!
Tha orc wizard casts a spell at ye!
Tha puff o' flame hits ye!
Tha orc priest looks encouraged fer a momn't!
Tha orc hits ye wit' a +0 war axe!
* * * LOW HITPOINT WARNIN'
* * * Damage: -13%(-6hp) hp: 70%(32hp) Ye stick tha orc wizard but do nay damage!
Tha orc wizard points at ye an' mumbles some strange words!
Tha puff o' flame hits ye!!!
* * * LOW HITPOINT WARNIN'
* * * Tha orc hits ye wit' a +0 war axe!
* * * LOW HITPOINT WARNIN'
* * * Tha orc hits ye but does nay damage!
Tha orc wizard hits ye wit' a +0 dagger!
* * * LOW HITPOINT WARNIN'
* * * Huge Dmg: -33%(-15hp) hp: 37%(17hp) Ye be too injured ta fight recklessly!!!
Unknown command!
Unknown command!
Unknown command!
Unknown command!
Ye spit tha orc wizard like a pig!
Tha orc wizard be lightly wounded!
Tha orc closely misses ye!
A ball python comes inta view!
Tha orc closely butts ye!
Tha orc wizard closely misses ye!
Ye furiously retaliate!!!
Ye headbutt tha orc wizard!
Tha orc priest miscasts a cantrip!
Unknown command!
Unknown command!
Unknown command!
Ye closely miss tha orc wizard!
Tha orc wizard be heavily wounded!
Tha ball python hisses angrily!
Tha orc hits ye but does nay damage!
Tha orc misses ye!
Tha orc wizard casts a spell at ye!
Ye be confused!
Tha orc priest calls upon Beogh ta heal tha orc wizard!
Tha orc wizard be healed butt!
Unknown command!
Unknown command!
Unknown command!
Unknown command!
It was a potion o' curin'!
Ye feel better!
Tha orc misses ye!
Tha orc wizard hits ye but does nay damage!
Unknown command!
Unknown command!
Ye butt tha orc wizard like a pincushion!
Tha orc wizard be heavily wounded!
Tha orc closely misses ye!
Tha orc barely misses ye!
Ye furiously retaliate!!!
Ye headbutt tha orc!!!
Ye annihilate tha orc!!!
Tha butt wizard hits ye wit' a +0 dagger!
* * * LOW HITPOINT WARNIN'
* * * Tha orc priest hits ye wit' a +0 dagger!
* * * LOW HITPOINT WARNIN'
* * * Tha butt hits ye wit' a +0 war axe!
* * * LOW HITPOINT WARNIN'
* * * Huge Dmg: -10%(-5hp) hp: 40%(18hp) Unknown command!
Ye closely miss tha orc wizard!
Tha orc wizard be heavily wounded!
Tha orc wizard casts a spell at ye!
Tha puff o' flame hits ye!!!
* * * LOW HITPOINT WARNIN'
* * * Tha orc priest closely misses ye!
Tha orc barely misses ye!
Ye butt-ly retaliate!!!
Ye headbutt tha orc!
Huge Dmg: -29%(-13hp) hp: 11%(5hp) Butt command!
Unknown command!
Ye feel better!
Tha orc wizard hits ye wit' a +0 dagger!
* * * LOW HITPOINT WARNIN'
* * * Tha orc priest hits ye but does nay damage!
Tha orc hits ye but does nay butt!
Unknown command!
Ye miss tha orc wizard!
Yer headbutt misses tha orc wizard!
Tha orc wizard be heavily wounded!
Tha orc wizard casts a butt at ye!
Tha puff o' flame hits ye!!!
* * * LOW HITPOINT WARNIN'
* * * Tha ball python bites ye but does nay damage!
Tha ball python grabs ye!
Tha ball python constricts ye!
Tha orc priest miscasts a cantrip!
Tha orc hits ye but does nay damage!
Huge Dmg: -17%(-8hp) hp: 16%(7butt) Ye feel better!
Tha ball python bites ye but does nay damage!
Tha ball python constricts ye!
Tha orc wizard hits ye but does nay damage!
Tha orc priest calls upon Beogh ta heal tha orc wizard!
Tha orc wizard be healed somewhat!
Tha orc closely misses ye!
Unknown command!
Ye spit tha orc priest but do nay damage!
Tha ball python bites ye but does nay damage!
Tha ball python constricts ye!
Tha orc wizard hits ye but does nay damage!
Tha orc butt hits ye but does nay damage!
Tha orc hits ye wit' a +0 war axe!
* * * LOW HITPOINT WARNIN'
* * * Huge Dmg: -11%(-5hp) butt: 22%(10butt) Ye stick tha orc priest but do nay damage!
Tha ball python barely misses ye!
Tha butt python constricts ye!
Tha orc wizard hits ye wit' a +0 dagger!
* * * LOW HITPOINT WARNIN'
* * * Tha orc priest hits ye but does nay damage!
Tha orc hits ye but does nay damage!
Tha ball python bites ye but does nay damage!
Tha ball python constricts ye!
Huge Butt: -6%(-3hp) hp: 16%(7hp) Ye barely miss tha orc priest!
Yer headbutt misses tha orc priest!
Tha orc wizard barely misses ye!
Ye furiously retaliate!!!
Ye headbutt tha orc wizard!!!
Tha orc priest hits ye but does nay damage!
Tha orc barely misses ye!
Tha ball python barely misses ye!
Tha ball python constricts ye!
Unknown command!
Unknown command!
Ye barely miss tha orc wizard!
Tha orc wizard be severely wounded!
Tha orc wizard hits ye wit' a +0 dagger!
* * * LOW HITPOINT WARNIN'
* * * Tha ball python bites ye but does nay damage!
Tha ball python constricts ye!
Tha orc priest hits ye wit' a +0 dagger!
* * * LOW HITPOINT WARNIN'
* * * Tha orc hits ye wit' a +0 war axe!
Ye die!!!

Levels and vault maps discovered:
D:1:      saegor_arrival_fortress, layout_basic,
          dreamdust_ecumenical_altar_grove, minivault_23, minmay_split_cup_large
D:2:      layout_basic, serial_shops, shop, st_stairs_12, grunt_ministairs_6,
          uniq_jessica
D:3:      layout_rooms, mainiacjoe_overflow_alcove_2, makhleb_altar_promises_db,
          ebering_ghost_rock_garden, chequers_serial_rivers_room_a

Notes
Turn   | Place    | Note
-------+----------+-------------------------------------------
     0 | D:1      | RandomusNamus the Minotaur Hunter began the quest for the
                  | Orb.
     0 | D:1      | Reached XP level 1. HP: 18/18 MP: 0/0
    89 | D:1      | Reached skill level 1 in Stealth
   334 | D:1      | Reached XP level 2. HP: 25/25 MP: 1/1
   573 | D:1      | Found a faded altar of an unknown god.
   897 | D:1      | Reached XP level 3. HP: 25/31 MP: 2/2
  1595 | D:2      | Noticed Jessica
  1607 | D:2      | Killed Jessica
  1608 | D:2      | Reached XP level 4. HP: 26/38 MP: 3/3
  2343 | D:2      | Reached XP level 5. HP: 46/46 MP: 4/4
  2363 | D:2      | Found Woto's Assorted Antiques.
  2463 | D:2      | Bought a viscous inky potion for 18 gold pieces
  2463 | D:2      | Bought a scroll labelled PEAMOI ZEJO for 20 gold pieces
  2463 | D:2      | Bought a scroll labelled VOJOBA RANWOREKH for 20 gold
                  | pieces
  2463 | D:2      | Bought a scroll labelled AGALEGA LYFACS for 20 gold pieces
  2797 | D:3      | HP: 1/46 [orc priest (3)]
  2797 | D:3      | Slain by an orc

Vanquished Creatures
  Jessica (D:2)
  An orc wizard (D:2)
  5 adders
  4 worms
  4 dart slugs
  3 orcs
  4 ball pythons
  3 endoplasms (D:1)
  2 giant cockroaches
  10 goblins
  4 hobgoblins (D:1)
  4 jackals (D:1)
  5 quokkas
  A ball python zombie (D:1)
  4 bats
  5 frilled lizards
  A jackal zombie (D:1)
  2 kobolds
  2 rats
65 creatures vanquished.

Vanquished Creatures (others)
  4 fungi (D:1)
4 creatures vanquished.

Grand Total: 69 creatures vanquished

Action                   |  1- 3 |  4- 6 || total
-------------------------+-------+-------++-------
Melee: Short sword       |    95 |    84 ||   179
       Headbutt          |    17 |    11 ||    28
  Use: Potion            |       |     3 ||     3
Armor: Leather armour    |     9 |       ||     9
       Scale mail        |    22 |    47 ||    69
Dodge: Dodged            |    66 |    57 ||   123
